 Dungeon Crawl Stone Soup version 0.16.1-12-gf5c4a84 (webtiles) character file.

658 Huymann the Conjurer (level 7, -3/57 HPs)
             Began as a White Draconian Conjurer on Apr 9, 2015.
             Was an Initiate of Vehumet.
             Slain by an orc warrior
             ... wielding a +0 glaive
              (30 damage)
             ... on level 6 of the Dungeon.
             The game lasted 00:33:52 (5448 turns).

Huymann the Conjurer (White Draconian Conjurer)     Turns: 5448, Time: 00:33:52

Health: -3/57      AC:  8    Str: 10    XL:     7   Next: 30%
Magic:  4/14       EV: 14    Int: 17    God:    Vehumet [......]
Gold:   258        SH:  0    Dex: 16    Spells: 3 memorised, 4 levels left

rFire  . . .     SeeInvis +     g - +0 spear
rCold  + . .     Clarity  .     (armour unavailable)
rNeg   . . .     SustAb   .     (no shield)
rPois  .         Gourm    .     (helmet restricted)
rElec  .         Spirit   .     a - +1 cloak
rCorr  .         Warding  .     (no gloves)
rMut   .         Stasis   .     (no boots)
MR     .....                    (no amulet)
Stlth  ++........               B - +4 ring of dexterity
                                t - ring of see invisible

@: short of breath, not resistant to hostile enchantments, unstealthy
A: breathe frost, unfitting armour, stinger 1, blurry vision 1, cold resistance
1, screaming 1, cold-blooded, AC +6
a: Breathe Frost, Renounce Religion


You were on level 6 of the Dungeon.
You worshipped Vehumet.
Vehumet was noncommittal.
You were hungry.

You visited 2 branches of the dungeon, and saw 7 of its levels.

You collected 258 gold pieces.

Inventory:

Hand weapons
 d - a +1 blowgun
 g - a +0 spear (weapon)
 j - a +0 hand crossbow
 s - a +0 hunting sling
 D - a cursed -3 short sword
Missiles
 e - 25 poisoned needles
 r - 33 sling bullets
 u - 26 stones
 z - 4 tomahawks (quivered)
 G - 3 needles of sleeping
Armour
 a - a +1 cloak (worn)
 A - a +0 buckler
Jewellery
 f - a +3 ring of protection {unknown}
 t - a ring of see invisible (left hand)
 y - an uncursed ring of wizardry
 B - a +4 ring of dexterity (right hand)
Magical devices
 n - a wand of digging (17)
 F - a wand of disintegration (11)
Scrolls
 k - a scroll of blinking
 l - 2 scrolls of remove curse
 p - a scroll of random uselessness {unknown}
 q - 2 scrolls of magic mapping
 w - 3 scrolls of teleportation
 C - a scroll of fog {unknown}
 E - 3 scrolls of identify
 H - a scroll of fear {unknown}
Potions
 h - a potion of flight
 m - a potion of mutation
Books
 c - a book of Conjurations

   Spells                             Type                      Level
   a - Magic Dart                     Conjuration                  1
   b - Searing Ray                    Conjuration                  2
   c - Dazzling Spray                 Conjuration/Hexes            3
   d - Fulminant Prism                Conjuration/Hexes            4
   e - Iskenderun's Mystic Blast      Conjuration                  4
   f - Iskenderun's Battlesphere      Conjuration/Charms           5
Comestibles
 b - 3 bread rations
 i - 6 meat rations
 o - 10 chunks of flesh
 v - a beef jerky
 J - a slice of pizza


   Skills:
 * Level 3.1 Fighting
 + Level 1.2 Polearms
 + Level 0.1 Throwing
 * Level 4.3 Dodging
 + Level 2.9 Stealth
 * Level 1.6 Shields
 * Level 3.3 Spellcasting
 * Level 5.0 Conjurations
 * Level 1.2 Hexes


You had 4 spell levels left.
You knew the following spells:

 Your Spells              Type           Power        Failure   Level  Hunger
a - Magic Dart            Conj           ###.         2%          1    None
b - Dazzling Spray        Conj/Hex       ##......     17%         3    ###....
c - Iskenderun's Mystic   Conj           ###.....     24%         4    ####...


Dungeon Overview and Level Annotations

Branches:
Dungeon (6/15)             Temple (1/1) D:5

Altars:
Ashenzari
Cheibriados
Dithmenos
Gozag
Kikubaaqudgha
Makhleb
Okawaru
Qazlal
Ru
Sif Muna
Trog
Vehumet
Xom
Yredelemnul
Zin
The Shining One


Innate Abilities, Weirdness & Mutations

You can breathe waves of freezing cold.
You can buffet flying creatures when you breathe cold.
Your icy white scales are hard (AC +6).
Your body does not fit into most forms of armour.
Your flesh is cold resistant.
Your cold-blooded metabolism reacts poorly to cold.
Your tail ends in a poisonous barb.
Scrolls take you a little longer to read.
You occasionally shout uncontrollably at your foes.


Message History

The orc warrior hits you from afar with a glaive.
Casting: Dazzling Spray
Confirm with . or Enter, or press ? or * to list all spells.
Aiming: Dazzling Spray
Press: ? - help, Shift-Dir - straight line, f/p - orc warrior
Aim: an orc warrior, wielding a glaive and wearing a plate armour The spray of energy hits the orc warrior.
Casting: Dazzling Spray
Confirm with . or Enter, or press ? or * to list all spells.
Aiming: Dazzling Spray
Press: ? - help, Shift-Dir - straight line, f/p - orc warrior
Aim: an orc warrior, wielding a glaive and wearing a plate armour The spray of energy hits the orc warrior.
The orc warrior is lightly wounded.
The orc warrior is dazzled.
You are feeling hungry.
The orc warrior barely misses you.
The orc warrior hits you with a glaive!!
Ouch! That really hurt!
You die...

#.P#..#.. #..#..#..
### #..##'#(. #..
#........ ##.#
#........ ...
#..P.##รท# ## #.# ##
#.#'##... #.##.##.##.#
#.#..#.)) #.....@o...#
#.#..#... #..#.##)####
#.####### ##.#.#.##
#........ #....#
####..### #.#.## #..#
#.#.# #..#
#.#.#############..#
#.#.<..............#
#.#####.########.#.###


You could see an orc warrior (blind).

Vanquished Creatures
  A sky beast (D:5)
  A giant frog (D:6)
  A scorpion (D:5)
  2 orc priests (D:3)
  5 orc wizards
  2 worker ants (D:4)
  Jessica (D:2)
  6 adders
  2 worms
  2 giant geckos (D:1)
  An ooze (D:3)
  15 orcs
  3 giant cockroaches
  12 goblins
  11 hobgoblins
  3 quokkas
  7 bats
  2 giant newts (D:3)
  16 kobolds
  7 rats
100 creatures vanquished.

Notes
Turn   | Place    | Note
--------------------------------------------------------------
     0 | D:1      | Huymann, the Draconian Conjurer, began the quest for the Orb.
     0 | D:1      | Reached XP level 1. HP: 14/14 MP: 3/3
   519 | D:1      | Reached XP level 2. HP: 19/22 MP: 4/4
   581 | D:1      | Reached skill level 1 in Fighting
   843 | D:1      | You fall through a shaft!
   892 | D:2      | Noticed Jessica
   898 | D:2      | Killed Jessica
   898 | D:2      | Reached XP level 3. HP: 10/29 MP: 4/6
  1189 | D:2      | Learned a level 3 spell: Dazzling Spray
  1543 | D:2      | Reached XP level 4. HP: 36/36 MP: 5/8
  1688 | D:2      | Found a shattered altar of Ashenzari.
  2548 | D:3      | Reached XP level 5. HP: 25/41 MP: 5/9
  2685 | D:3      | Learned a level 4 spell: Iskenderun's Mystic Blast
  2771 | D:3      | Found an opulent altar of Gozag.
  3207 | D:3      | Reached skill level 1 in Hexes
  3961 | D:4      | Found a sacrificial altar of Ru.
  4290 | D:5      | Entered Level 5 of the Dungeon
  4300 | D:5      | Found a staircase to the Ecumenical Temple.
  4398 | D:5      | Reached skill level 1 in Shields
  4398 | D:5      | Reached XP level 6. HP: 50/50 MP: 12/12
  4697 | D:5      | Found an ancient bone altar of Kikubaaqudgha.
  4707 | D:5      | Noticed a sky beast
  4734 | D:5      | Gained mutation: Scrolls take you a little longer to read. [potion of mutation]
  4734 | D:5      | Gained mutation: You occasionally shout uncontrollably at your foes. [potion of mutation]
  4734 | D:5      | Gained mutation: Your tail ends in a poisonous barb. [potion of mutation]
  4738 | D:5      | Reached skill level 1 in Polearms
  4756 | D:5      | Killed a sky beast
  4756 | D:5      | Your scales start taking on an icy white colour.
  4756 | D:5      | Gained mutation: Your flesh is cold resistant. [draconian maturity]
  4756 | D:5      | Reached XP level 7. HP: 38/56 MP: 2/14
  4934 | D:5      | Found a deep blue altar of Sif Muna.
  5084 | Temple   | Entered the Ecumenical Temple
  5176 | Temple   | Became a worshipper of Vehumet
  5445 | D:6      | Reached skill level 5 in Conjurations
  5448 | D:6      | Slain by an orc warrior

Action                   |  1- 3 |  4- 6 |  7- 9 || total
-------------------------+-------+-------+-------++-------
Melee: Spear             |    72 |   270 |    61 ||   403
       Club              |     7 |       |       ||     7
 Fire: Blowgun           |       |     5 |       ||     5
Throw: Tomahawk          |       |     3 |       ||     3
 Cast: Magic Dart        |    22 |    23 |       ||    45
       Dazzling Spray    |       |    17 |     5 ||    22
 Abil: Breathe Frost     |       |       |     2 ||     2
  Use: Scroll            |     2 |    12 |       ||    14
       Potion            |       |     3 |     6 ||     9
 Stab: Sleeping          |       |     2 |       ||     2
       Distracted        |       |     1 |       ||     1
       Invisible         |       |     2 |       ||     2
  Eat: Chunk             |     2 |     9 |     2 ||    13
       Bread ration      |       |     1 |       ||     1
